 Dungeon Crawl Stone Soup version 0.15-a0-33-ga435e27 (webtiles) character file.

262 Sachiko the Covered (level 5, 0/32 HPs)
             Began as a Minotaur Fighter on Apr 1, 2014.
             Succumbed to a worker ant's poison
             ... on Level 3 of the Dungeon.
             The game lasted 00:06:34 (1587 turns).

Sachiko the Covered (Minotaur Fighter)              Turns: 1587, Time: 00:06:35

HP   0/32        AC  8     Str 26      XL: 5   Next: 10%
MP   2/2         EV  7     Int  5 (6)  God:
Gold 111         SH 20     Dex  9      Spells:  0 memorised,  4 levels left

rFire  . . .     SeeInvis .     a - +0,+1 long sword
rCold  . . .     Clarity  .     b - +0 scale mail
rNeg   . . .     Conserve .     c - +0 shield
rPois  .         rCorr    .     (helmet restricted)
rElec  .         rRot     .     (no cloak)
SustAb . .       Spirit   .     (no gloves)
rMut   .         Warding  .     l - +0 pair of boots
Saprov . . .     Stasis   .     (no amulet)
MR     .....                    (no ring)
                                (no ring)

@: mighty, lethally poisoned, not resistant to hostile enchantments, extremely
unstealthy
A: retaliatory headbutt, horns 2, talons 1, deterioration 1, frail 3
a: no special abilities


You were on level 3 of the Dungeon.
You were not hungry.

You visited 1 branch of the dungeon, and saw 3 of its levels.

You collected 111 gold pieces.

Inventory:

Hand weapons
 a - a +0,+1 long sword (weapon)
Armour
 b - a +0 scale mail (worn)
 c - a +0 shield (worn)
 l - a +0 pair of boots (worn)
Comestibles
 d - 2 bread rations
 h - 2 chunks of orc flesh
 m - a cheese
 o - a choko
Scrolls
 f - a scroll of noise
 g - 4 scrolls of blinking
 j - a scroll of teleportation
 n - a scroll of amnesia
 p - a scroll of remove curse
Jewellery
 q - an uncursed ring of ice


   Skills:
 + Level 4.2 Fighting
 + Level 3.6 Long Blades
 + Level 5.1 Armour
 + Level 4.8 Shields


You had 4 spell levels left.
You didn't know any spells.

Dungeon Overview and Level Annotations

Branches:
Dungeon (3/15)

Altars:


Innate Abilities, Weirdness & Mutations

You reflexively headbutt those who attack you in melee.
You have a pair of horns on your head.
You have sharp toenails.
Your body is slowly deteriorating.
You are extremely frail (-30% HP).


Message History

Drink which item? (? for menu, Esc to quit)
You feel very mighty all of a sudden.
* * * LOW HITPOINT WARNING * * *
You feel sick. You block the worker ant's attack. The worker ant bites you.
* * * LOW HITPOINT WARNING * * *
You are more poisoned.
The worker ant poisons you!
You closely miss the worker ant. Your headbutt misses the worker ant.
The worker ant is severely wounded.
* * * LOW HITPOINT WARNING * * *
You feel sick.
The worker ant bites you but does no damage.
You are too injured to fight recklessly!
You are too injured to fight recklessly!
You are too injured to fight recklessly!
You are too injured to fight recklessly!
You slash the worker ant!
You kill the worker ant!
You have reached level 5!
You die...

#))(...# #.#
#.##.##.#...# ##))....#
#.# #.##........#
#.....### #.#
#........#..# #.....# #.#
######.#.#..# ##.....#
#.# .......#..# .......#
#.# .......#... ##.....#
#.# .(.....
##.....#####.####......##
................@........
######....##.####......##
######....##.# ......#
..........'..# ####+##
#######...#### #.### #.#
#.# #.#


There were no monsters in sight!

Vanquished Creatures
  A worker ant (D:3)
  Jessica (D:2)
  3 adders
  A worm (D:2)
  An ooze (D:1)
  6 orcs (D:3)
  3 giant cockroaches
  13 goblins
  7 hobgoblins
  6 jackals
  10 kobolds
  A ball python (D:3)
  5 bats
  2 giant geckos
  3 giant newts
  7 rats
70 creatures vanquished.

Notes
Turn   | Place    | Note
--------------------------------------------------------------
     0 | D:1      | Sachiko, the Minotaur Fighter, began the quest for the Orb.
     0 | D:1      | Reached XP level 1. HP: 19/19 MP: 1/1
   185 | D:1      | Reached skill level 4 in Armour
   185 | D:1      | Reached XP level 2. HP: 27/27 MP: 1/1
   702 | D:1      | Reached XP level 3. HP: 33/33 MP: 2/2
   868 | D:2      | Paralysed by a potion of paralysis for 5 turns
   895 | D:2      | Gained mutation: Your body is slowly deteriorating. [potion of mutation]
   895 | D:2      | Gained mutation: You are frail (-10% HP). [potion of mutation]
   895 | D:2      | Gained mutation: You have sharp toenails. [potion of mutation]
  1045 | D:2      | Reached XP level 4. HP: 31/36 MP: 2/2
  1161 | D:2      | Gained mutation: You are very frail (-20% HP). [potion of mutation]
  1161 | D:2      | Gained mutation: You are extremely frail (-30% HP). [potion of mutation]
  1209 | D:2      | Noticed Jessica
  1212 | D:2      | Killed Jessica
  1212 | D:2      | Reached skill level 5 in Armour
  1587 | D:3      | Reached XP level 5. HP: 2/32 MP: 2/2
  1587 | D:3      | Succumbed to a worker ant's poison

Action                   |  1- 3 |  4- 6 || total
-------------------------+-------+-------++-------
Melee: Long sword        |   109 |    54 ||   163
  Use: Scroll            |     7 |     4 ||    11
       Potion            |     5 |     2 ||     7
